 Dungeon Crawl Stone Soup version 0.27.1-1-g398f81649c (webtiles) character file.

Game seed: 14452244906469191896

243 a11behringer the Chopper (level 6, -1/47 HPs)
             Began as a Formicid Fighter on Sept 6, 2021.
             Was an Initiate of Okawaru.
             Slain by a gnoll (5 damage)
             ... on level 4 of the Dungeon.
             The game lasted 00:16:09 (3220 turns).

a11behringer the Chopper (Formicid Fighter)         Turns: 3220, Time: 00:16:09

Health: -1/47      AC:  9    Str: 21    XL:     6   Next: 31%
Magic:  6/6        EV:  6    Int:  7    God:    Okawaru [......]
Gold:   193        SH:  9    Dex: 12    Spells: 5/5 levels left

rFire    . . .     SeeInvis +   a - +0 war axe
rCold    . . .     Faith    .   c - +0 kite shield
rNeg     + . .     Spirit   .   i - +0 chain mail
rPois    .         Reflect  .   (helmet unavailable)
rElec    .         Harm     .   (no cloak)
rCorr    .         Rampage  .   (no gloves)
Will     .....                  (no boots)
Stlth    ..........             w - amulet of the acrobat
HPRegen  0.15/turn              j - ring of positive energy
MPRegen  0.10/turn              (no ring)

@: no status effects
A: permanent stasis, dig shafts and tunnels, antennae 3, four strong arms
a: Dig, Shaft Self, Renounce Religion


You were on level 4 of the Dungeon.
You worshipped Okawaru.
Okawaru was noncommittal.
You visited 1 branch of the dungeon, and saw 4 of its levels.

You collected 193 gold pieces.

Inventory:

Hand Weapons
 a - a +0 war axe (weapon)
 m - a +2 hunting sling of freezing
Missiles
 k - 15 sling bullets
Armour
 b - a +0 scale mail
 c - a +0 kite shield (worn)
 i - a +0 chain mail (worn)
Jewellery
 j - a ring of positive energy (left hand)
 n - a ring of magical power
 p - a ring of fire
 w - an amulet of the acrobat (around neck)
 x - a ring of ice
Wands
 v - a wand of polymorph (8)
Scrolls
 f - a scroll of blinking {unknown}
 l - a scroll of identify
 q - a scroll of amnesia {unknown}
 s - 2 scrolls of summoning {unknown}
Potions
 d - a potion of might
 e - 2 potions of brilliance {unknown}
 g - a potion of resistance {unknown}
 h - 2 potions of degeneration {unknown}
 o - a potion of cancellation
 r - 2 potions of attraction {unknown}
 t - a potion of lignification {unknown}
 u - a potion of ambrosia {unknown}


   Skills:
 - Level 3.3 Fighting
 * Level 6.0 Axes
 - Level 3.3 Armour
 - Level 3.8 Shields


You had 5 spell levels left.
You didn't know any spells.
Your spell library contained the following spells:

 Spells                   Type           Power      Damage    Failure   Level
 Portal Projectile        Hex/Tloc       0%         N/A       100%        3
 Blade Hands              Tmut           0%         N/A       100%        5
 Excruciating Wounds      Necr           0%         N/A       100%        5


Dungeon Overview and Level Annotations

Branches:
Dungeon (4/15)
 Temple: D:4-7

Altars:
Okawaru

Shops:
D:2 *   D:4 (


Innate Abilities, Weirdness & Mutations

You cannot be hasted, slowed, berserked, paralysed or teleported.
You can dig through walls and to a lower floor.
You have a pair of large antennae on your head. (SInv)
Your four strong arms can wield two-handed weapons with a shield.


Message History

The gnoll hits you but does no damage.
You closely miss the gnoll.
The gnoll is almost dead.
You block the gnoll's attack. The gnoll hits you with a +0 whip.
The gnoll barely misses you.
You hit the gnoll.
You kill the gnoll!
Okawaru accepts your kill. You block the gnoll's attack.
You slash the gnoll!
The gnoll is severely wounded.
You block the gnoll's attack. The gnoll hits you with a +0 flail!
You barely miss the gnoll.
The gnoll is severely wounded.
The gnoll hits you but does no damage. You block the gnoll's attack.
The gnoll hits you from afar with a +0 spear.
The gnoll hits you but does no damage.
You hit the gnoll but do no damage.
The gnoll is severely wounded.
The gnoll hits you but does no damage.
The gnoll hits you from afar with a +0 spear!
* * * LOW HITPOINT WARNING * * *
You hit the gnoll.
The gnoll is almost dead.
The gnoll closely misses you. The gnoll hits you but does no damage.
The gnoll hits you with a +0 flail.
* * * LOW HITPOINT WARNING * * *
The gnoll hits you from afar with a +0 spear.
* * * LOW HITPOINT WARNING * * *
You hit the gnoll.
You kill the gnoll!
Okawaru accepts your kill. You block the gnoll's attack.
Your Axes skill increases to level 6!
The gnoll hits you with a +0 spear.
* * * LOW HITPOINT WARNING * * *
Items here: ))) †.
You barely miss the gnoll. You block the gnoll's attack.
You completely miss the gnoll. The gnoll hits you with a +0 spear.
You die...

####.### #......# ##### ... #.
#.##.#[# #...## .. #.# ####
#.##.#.######.... ..#.. ..#
#......<....#...# .#.#####.#
....^#.####. ... ..##....##
.......# #.# # #.##.#....
.......# ##.#####.# #.#.#.#.##
...g...# #.()@....###..###..#
.......# #..g####.....## ##.#
.{....## #...# #.###..###.##
...g...# #...####.#.....#.####
#...##.######........#.#.#......#
.....#.##...#....###.#.#.#.#.##..
##†..#..8.>.8..........#...#.##..
#......gg..............##..#.....
#.#[###.8.∩.8................##


You could see a gnoll.

Vanquished Creatures
  A scorpion (D:4)
  A bullfrog skeleton (D:4)
  4 adders
  3 gnolls (D:4)
  An adder skeleton (D:4)
  2 worms
  A dart slug (D:3)
  4 orcs (D:3)
  2 ball pythons (D:1)
  8 bats
  7 endoplasms
  A giant cockroach (D:2)
  10 goblins
  10 hobgoblins
  A jackal (D:3)
  8 kobolds
  5 quokkas
  3 rats
72 creatures vanquished.

Notes
Turn   | Place    | Note
-------+----------+-------------------------------------------
     0 | D:1      | a11behringer the Formicid Fighter began the quest for the
                  | Orb.
     0 | D:1      | Reached XP level 1. HP: 18/18 MP: 1/1
    79 | D:1      | Reached XP level 2. HP: 21/24 MP: 2/2
   466 | D:1      | Reached XP level 3. HP: 11/29 MP: 3/3
   761 | D:1      | Reached skill level 3 in Axes
  1288 | D:2      | Found a faded altar of an unknown god.
  1513 | D:2      | Reached XP level 4. HP: 26/35 MP: 4/4
  1667 | D:2      | Found Jooc's General Store.
  1727 | D:2      | Reached skill level 4 in Axes
  2391 | D:3      | Reached XP level 5. HP: 41/41 MP: 5/5
  2645 | D:3      | Found an iron altar of Okawaru.
  2653 | D:3      | Became a worshipper of Warmaster Okawaru
  2826 | D:4      | Found Uzxakk's Weapon Shoppe.
  2858 | D:4      | Reached skill level 5 in Axes
  3054 | D:4      | Reached XP level 6. HP: 47/47 MP: 6/6
  3218 | D:4      | Reached skill level 6 in Axes
  3220 | D:4      | Slain by a gnoll

Illustrated notes

Levels and vault maps discovered:
D:1:      dpeg_arrival_arbitrary_c, layout_basic, minmay_misc_feat_four_crosses,
          serial_bayou_pond_a, minmay_domino_4
D:2:      layout_rooms, serial_shops, nicolae_shop_statue_plus,
          hellmonk_ecumenical_altar_crossroads
D:3:      layout_basic, lemuel_crystal_altar, hangedman_decor_lopped,
          minmay_starry_boxes
D:4:      layout_loops_cross, gammafunk_ghost_abyssal_escape, serial_shops,
          nicolae_stop_n_shop_2

Skill      XL: |  1  2  3  4  5  6 |
---------------+-------------------+-----
Axes           | 3 4 5 6 |  6.0
Fighting       | |  3.3
Armour         | |  3.3
Shields        | |  3.8

Action                   |  1- 3 |  4- 6 || total
-------------------------+-------+-------++-------
Melee: War axe           |   100 |   128 ||   228
 Abil: Dig               |     3 |       ||     3
  Use: Scroll            |       |     5 ||     5
Armor: Scale mail        |    13 |       ||    13
       Chain mail        |    35 |    79 ||   114
Dodge: Dodged            |    26 |    30 ||    56
Block: Kite shield       |    67 |    61 ||   128
